 Dungeon Crawl Stone Soup version 0.27-a0-277-g024f7ef292 (webtiles) character file.

Game seed: 1621267126456028

6315 Borgoz the Fighter (level 10, -7/66 HPs)
             Began as a Gargoyle Berserker on Feb 5, 2021.
             Was an Elder of Trog.
             Mangled by a death yak (10 damage)
             ... on level 9 of the Dungeon.
             The game lasted 00:11:01 (9933 turns).

Borgoz the Fighter (Gargoyle Berserker)             Turns: 9933, Time: 00:11:01

Health: -7/66      AC: 18    Str: 22    XL:     10   Next: 95%
Magic:  10/10      EV: 15    Int:  7    God:    Trog [****..]
Gold:   965        SH:  5    Dex: 12    Spells: 9/9 levels left

rFire    . . .     SeeInvis .   k - +0 flail
rCold    + + .     Faith    .   (no shield)
rNeg     + . .     Spirit   .   y - +3 leather armour {rC+}
rPois    ∞         Reflect  +   (no helmet)
rElec    +         Harm     .   n - +0 cloak
rCorr    +         Rampage  .   w - +1 pair of gloves
Will     .....                  (no boots)
Stlth    +.........             o - amulet of reflection
HPRegen  0.21/turn              l - ring of resist corrosion
MPRegen  0.12/turn              m - ring of protection from cold

@: about to teleport, berserk cooldown, slowed, very slow
A: negative energy resistance 1, electricity resistance, unbreathing,
petrification resistance, miasma immunity, AC +7
a: Renounce Religion, Berserk, Trog's Hand, Brothers in Arms


You were on level 9 of the Dungeon.
You worshipped Trog.
Trog was greatly pleased with you.
You visited 2 branches of the dungeon, and saw 10 of its levels.

You collected 965 gold pieces.

Inventory:

Hand Weapons
 k - a +0 flail (weapon)
Missiles
 h - 2 throwing nets (quivered)
Armour
 n - a +0 cloak (worn)
 w - a +1 pair of gloves (worn)
 y - a +3 leather armour of cold resistance (worn)
Jewellery
 l - a ring of resist corrosion (left hand)
 m - a ring of protection from cold (right hand)
 o - an amulet of reflection (around neck)
Wands
 s - a wand of flame (23)
Scrolls
 c - 4 scrolls of remove curse
 d - 3 scrolls of fog
 f - 2 scrolls of teleportation
 q - a scroll of amnesia {unknown}
 r - 5 scrolls of enchant armour
 t - 3 scrolls of fear {unknown}
 v - 4 scrolls of silence {unknown}
 x - a scroll of summoning {unknown}
 A - a scroll of enchant weapon {unknown}
Potions
 a - 5 potions of heal wounds {unknown}
 e - 3 potions of magic {unknown}
 g - 3 potions of lignification {unknown}
 i - a potion of cancellation
 j - 3 potions of degeneration {unknown}
 p - 2 potions of resistance


   Skills:
 + Level 9.5 Fighting
 + Level 8.7 Maces & Flails
 + Level 9.1 Armour
 + Level 7.0 Dodging


You had 9 spell levels left.
You didn't know any spells.
Your spell library was empty.

Dungeon Overview and Level Annotations

Branches:
Dungeon (9/15)             Temple (1/1) D:7            Lair (0/6) D:9
    Orc: D:9-12

Altars:
Ashenzari
Cheibriados
Dithmenos
Elyvilon
Fedhas
Gozag
Hepliaklqana
Kikubaaqudgha
Makhleb
Nemelex Xobeh
Okawaru
Qazlal
Ru
Sif Muna
Trog
Uskayaw
Vehumet
Wu Jian
Xom
Yredelemnul
Zin
The Shining One

Annotations:
D:8 Borgoz's ghost, novice HaFi


Innate Abilities, Weirdness & Mutations

You are resistant to torment.
Your stone body is resilient. (AC +7)
You are immune to poison.
You resist negative energy. (rN+)
You are resistant to electric shocks. (rElec)
You can survive without breathing.
You are immune to petrification.
You are immune to miasma.


Message History

You barely miss the death yak.
You are no longer berserk.
You are exhausted.
You feel yourself slow down. The death yak gores you!!
* * * LOW HITPOINT WARNING * * *
You sock the death yak!
The death yak is lightly wounded.
The death yak gores you!
* * * LOW HITPOINT WARNING * * *
A centaur skeleton comes into view.
The death yak gores you.
* * * LOW HITPOINT WARNING * * *
The death yak misses you.
The centaur skeleton moves out of view.
The death yak completely misses you.
As you read the scroll of teleportation, it crumbles to dust.
You feel strangely unstable. The death yak barely misses you.
The hell rat twitches its whiskers.
Okay, then.
The death yak gores you!
You die...

##.##.# ...#.
####.# .....
#.# #.... #.#
.##... #.#
......# #.#
.>..... #.#
.....r)#####.#
#..rrlYY@..#
......########
..... .... .#.
#


You could see 2 death yaks, a wyvern, 2 hell rats and a river rat.

Vanquished Creatures
  2 two-headed ogres (D:8)
  A death yak (D:9)
  The ghost of PeterLawrence the Basher, a novice MiFi (D:4)
  Maggie (D:6)
  Sigmund (D:2)
  A wyvern (D:8)
  Duvessa (D:6)
  An ice beast (D:8)
  An orc warrior (D:6)
  2 necrophages (D:8)
  A sky beast (D:8)
  2 black bears
  3 ogres
  4 centaurs
  A phantom (D:8)
  2 big kobolds (D:9)
  4 bullfrogs
  Dowan (D:6)
  A wyvern skeleton (D:8)
  5 scorpions
  5 killer bees (D:8)
  2 howler monkeys (D:6)
  A centaur zombie (D:8)
  A bullfrog zombie (D:8)
  6 hounds
  A jelly (D:5)
  A centaur skeleton (D:8)
  A bullfrog skeleton (D:4)
  3 orc priests
  Crazy Yiuf (D:3)
  Ijyb (D:5)
  4 worker ants
  3 iguanas
  5 orc wizards
  A killer bee zombie (D:8)
  2 hound skeletons (D:8)
  2 worker ant zombies (D:8)
  A howler monkey skeleton (D:8)
  16 adders
  2 shadow imps
  4 white imps
  7 ufetubi
  2 adder skeletons
  3 worms
  3 dart slugs
  2 leopard geckos
  11 orcs
  12 giant cockroaches
  9 goblins
  3 hobgoblins (D:3)
  17 kobolds
  3 quokkas
  5 bats
  2 frilled lizards
  2 leopard gecko zombies
  A quokka skeleton (D:8)
  6 rats
187 creatures vanquished.

Vanquished Creatures (others)
  An orc wizard (D:6)
1 creature vanquished.

Grand Total: 188 creatures vanquished

Notes
Turn   | Place    | Note
-------+----------+-------------------------------------------
     0 | D:1      | Borgoz the Gargoyle Berserker began the quest for the Orb.
     0 | D:1      | Reached XP level 1. HP: 14/14 MP: 1/1
   182 | D:1      | Reached XP level 2. HP: 15/19 MP: 2/2
   905 | D:2      | Noticed Sigmund
   925 | D:2      | Killed Sigmund
   926 | D:2      | Reached XP level 3. HP: 23/24 MP: 3/3
   926 | D:2      | Reached XP level 4. HP: 29/30 MP: 4/4
   926 | D:2      | Reached XP level 5. HP: 33/34 MP: 5/5
  1228 | D:2      | Found a bloodstained altar of Trog.
  2252 | D:3      | Reached XP level 6. HP: 31/39 MP: 6/6
  2475 | D:3      | Reached ** piety under Trog
  2550 | D:3      | Found a sacrificial altar of Ru.
  2700 | D:3      | Found a runed translucent door.
  2701 | D:3      | Noticed Crazy Yiuf
  2955 | D:3      | Found a snail-covered altar of Cheibriados.
  3086 | D:3      | Found a basalt altar of Yredelemnul.
  3191 | D:3      | Killed Crazy Yiuf
  3510 | D:4      | Found a stormy altar of Qazlal.
  3825 | D:4      | Found a runed translucent door.
  3847 | D:4      | Noticed PeterLawrence's ghost (novice MiFi)
  3927 | D:4      | Killed PeterLawrence's ghost
  3928 | D:4      | Reached skill level 5 in Fighting
  3928 | D:4      | Reached skill level 5 in Maces & Flails
  3928 | D:4      | Reached XP level 7. HP: 39/44 MP: 7/7
  3936 | D:4      | Found a runed translucent door.
  4160 | D:4      | Found a glowing golden altar of the Shining One.
  4514 | D:5      | Entered Level 5 of the Dungeon
  4541 | D:5      | Reached skill level 5 in Armour
  4596 | D:5      | Reached XP level 8. HP: 51/51 MP: 8/8
  5097 | D:5      | Noticed Ijyb
  5106 | D:5      | Killed Ijyb
  5450 | D:6      | Reached *** piety under Trog
  5736 | D:6      | Found an ornate altar of the Wu Jian Council.
  5737 | D:6      | Found a broken altar of Ashenzari.
  5764 | D:6      | Found a shimmering blue altar of Sif Muna.
  5858 | D:6      | Noticed Maggie
  5876 | D:6      | Killed Maggie
  5877 | D:6      | Reached skill level 5 in Dodging
  5877 | D:6      | Reached XP level 9. HP: 57/57 MP: 9/9
  5886 | D:6      | Noticed Duvessa
  5891 | D:6      | Noticed Dowan
  5929 | D:6      | Killed Duvessa
  5939 | D:6      | Killed Dowan
  6843 | D:7      | Found a staircase to the Ecumenical Temple.
  6850 | Temple   | Entered the Ecumenical Temple
  7666 | D:8      | Noticed a two-headed ogre
  7677 | D:8      | Killed a two-headed ogre
  7678 | D:8      | Reached XP level 10. HP: 60/64 MP: 10/10
  8500 | D:8      | Reached **** piety under Trog
  8756 | D:8      | Noticed a two-headed ogre
  8769 | D:8      | Killed a two-headed ogre
  9226 | D:8      | Found a runed translucent door.
  9226 | D:8      | Found a shimmering altar of Xom.
  9226 | D:8      | Noticed Borgoz's ghost (novice HaFi)
  9226 | D:8      | Noticed a +1 rapier of chaos
  9905 | D:9      | Noticed a death yak
  9906 | D:9      | Noticed a death yak
  9907 | D:9      | Found a staircase to the Lair.
  9907 | D:9      | Noticed a death yak
  9925 | D:9      | Killed a death yak
  9929 | D:9      | HP: 3/66 [death yak (11)]
  9933 | D:9      | Mangled by a death yak

Illustrated notes

Levels and vault maps discovered:
D:1:      minmay_arrival_stone_box, layout_loops_corners
D:2:      layout_loops_corners, bloody_trog, chequers_mini_garden,
          kennysheep_generic_room_4, uniq_sigmund
D:3:      layout_basic, nicolae_overflow_hidden_temple,
          nicolae_ru_path_of_blood, uniq_crazy_yiuf_cottage
D:4:      layout_loops_ring, kennysheep_mini_moat, lemuel_round_altar,
          ebering_ghost_sewer_f
D:5:      layout_loops_cross, uniq_ijyb
D:6:      kennysheep_orc_sif_temple, layout_rooms,
          gammafunk_temple_overflow_pools, uniq_maggie, uniq_duvessa
D:7:      layout_cave_pods, temple_green, chequers_serial_rivers_micro_a
D:8:      minmay_polygon_palace, layout_loops_ring, ebering_ghost_xom
D:9:      layout_loops_corners, xom_teletrap_fun, dpeg_lair_monsters,
          david_orc_5, special_room [special_room_orc]
Temple:   eino_temple_lava

Skill      XL: |  1  2  3  4  5  6  7  8  9 10 |
---------------+-------------------------------+-----
Fighting       | 4 5 7 8 9 |  9.5
Armour         | 3 4 5 6 7 9 |  9.1
Dodging        | 2 3 5 6 7 |  7.0
Maces & Flails | 4 5 6 7 8 |  8.7

Action                   |  1- 3 |  4- 6 |  7- 9 | 10-12 || total
-------------------------+-------+-------+-------+-------++-------
Melee: Mace              |    24 |    91 |       |       ||   115
       Flail             |       |   129 |   357 |   280 ||   766
Invok: Berserk           |     1 |     3 |    10 |     7 ||    21
       Trog's Hand       |       |       |     1 |     1 ||     2
  Use: Scroll            |       |       |    10 |     5 ||    15
       Potion            |       |       |       |     4 ||     4
 Stab: Sleeping          |     1 |       |       |       ||     1
       Invisible         |       |       |       |     2 ||     2
Armor: Animal skin       |     6 |    74 |    32 |       ||   112
       Leather armour    |       |       |   168 |   142 ||   310
Dodge: Dodged            |    17 |   143 |   337 |   191 ||   688
Block: Other             |       |     4 |   119 |    70 ||   193
       Reflection        |       |       |       |     2 ||     2

Table legend: (Time is in decaauts)
 A = Elapsed time spent in this place.
 B = Non-inter-level travel time spent in this place.
 C = Inter-level travel time spent in this place.
 D = Time resting spent in this place.
 E = Time spent auto-exploring this place.
 F = Levels seen in this place.
 G = Mean time per level.
                   A        B        C        D        E       F      G
               +--------+--------+--------+--------+--------+-----+--------+
         Total |  10176 |   9788 |    388 |   1309 |   6686 |  10 | 1017.6 |
       Dungeon |  10111 |   9732 |    379 |   1309 |   6632 |   9 | 1123.4 |
        Temple |     64 |     55 |      9 |      0 |     54 |   1 |   64.0 |
               +--------+--------+--------+--------+--------+-----+--------+

Top non-repeatable levels by time:
     D:8: 2224 daAuts
     D:4: 1289 daAuts
     D:2: 1287 daAuts
     D:3: 1136 daAuts
     D:7: 1070 daAuts
     D:6: 1026 daAuts
     D:1: 887 daAuts
     D:5: 870 daAuts
     D:9: 318 daAuts
  Temple: 64 daAuts
